 Dungeon Crawl Stone Soup version 0.27-a0-385-g3208abaabc (webtiles) character file.

Game seed: 9663309508084130726

4 wampuh the Grave Robber (level 1, -3/14 HPs)
             Began as a Demonspawn Necromancer on Feb 19, 2021.
             Slain by a hobgoblin
             ... wielding a +0 club
              (8 damage)
             ... on level 1 of the Dungeon.
             The game lasted 00:00:24 (166 turns).

wampuh the Grave Robber (Demonspawn Necromancer)     Turns: 166, Time: 00:00:25

Health: -3/14      AC:  2    Str:  8    XL:     1   Next: 58%
Magic:  2/3        EV: 12    Int: 16    God:
Gold:   17         SH:  0    Dex: 13    Spells: 3/4 levels left

rFire    . . .     SeeInvis .   b - +0 short sword
rCold    . . .     Faith    .   (no shield)
rNeg     . . .     Spirit   .   a - +0 robe
rPois    .         Reflect  .   (no helmet)
rElec    .         Harm     .   (no cloak)
rCorr    .         Rampage  .   (no gloves)
Will     .....                  (no boots)
Stlth    ++........             (no amulet)
HPRegen  0.04/turn              (no ring)
MPRegen  0.08/turn              (no ring)

@: no status effects
A: no striking features
a: no special abilities


You were on level 1 of the Dungeon.
You visited 1 branch of the dungeon, and saw 1 of its levels.

You collected 17 gold pieces.

Inventory:

Hand Weapons
 b - a +0 short sword (weapon)
Armour
 a - a +0 robe (worn)
Scrolls
 d - a scroll of random uselessness {unknown}
Potions
 c - a potion of invisibility {unknown}


   Skills:
 + Level 0.4 Fighting
 - Level 1.7 Dodging
 - Level 1.7 Stealth
 + Level 2.1 Spellcasting
 + Level 4.4 Necromancy


You had 3 spell levels left.
You knew the following spells:

 Your Spells              Type           Power        Failure   Level
a - Pain                  Necr           64%          3%          1

Your spell library contained the following spells:

 Spells                   Type           Power        Failure   Level
 Animate Skeleton         Necr           32%          3%          1
 Vampiric Draining        Necr           8%           10%         3
 Animate Dead             Necr           8%           32%         4
 Agony                    Necr           16%          65%         5


Dungeon Overview and Level Annotations

Branches:
Dungeon (1/15)

Altars:


Message History

You now have 17 gold pieces.
A ball python comes into view.
A ball python is nearby!
A rat comes into view.
The helpless ball python fails to defend itself.
You hit the ball python.
You kill the ball python!
You closely miss the rat. The rat closely misses you.
You hit the rat.
You kill the rat!
No target in view!
Things that are here:
a rat corpse; a ball python corpse
Found a stone staircase leading down.
Found a robe.
No target in view!
No target in view!
Found 14 bolts.
A kobold comes into view. It is wielding a +0 club.
The helpless kobold fails to defend itself.
You hit the kobold.
You kill the kobold!
No target in view!
Things that are here:
a +0 club; a stone
d - a scroll labelled KANTOR MUEFOG A hobgoblin comes into view.
It is wielding a +0 club.
A hobgoblin is nearby!
The hobgoblin hits you with a +0 club.
You hit the hobgoblin but do no damage. The hobgoblin hits you with a +0 club.
You are too injured to fight recklessly!
You are too injured to fight recklessly!
Casting: Pain (safe; 3% risk of failure)
Confirm with . or Enter, or press ? or * to list all spells.
Aiming: Pain (safe; 3% risk of failure)
Press: ? - help, Shift-Dir - straight line, f - hobgoblin
Aim: a hobgoblin, wielding a +0 club (chance to affect: 87%)
The hobgoblin writhes in agony.
The hobgoblin hits you with a +0 club!
Ouch! That really hurt!
You die...

#.######..........#########
##...###............#
#....# ####.####.#).#
#....### #.# #.###.#
#......# #.####.#.##
#.####.# #.........# #.#
#.# #######.#.# #.# #.#
#.#.### #.# #@# #.#.... #.#
#g# #.#..## #. #.# #.#....
#.. #.##.## ... .(...# ##..
##..[ .. ##.## #.# #.# #..


You could see a hobgoblin.

Vanquished Creatures
  A hobgoblin (D:1)
  A kobold (D:1)
  A ball python (D:1)
  2 rats (D:1)
5 creatures vanquished.

Notes
Turn   | Place    | Note
-------+----------+-------------------------------------------
     0 | D:1      | wampuh the Demonspawn Necromancer began the quest for the
                  | Orb.
     0 | D:1      | Reached XP level 1. HP: 13/13 MP: 3/3
   166 | D:1      | Slain by a hobgoblin

Illustrated notes

Levels and vault maps discovered:
D:1:      shiori_shiawase, layout_loops_ring, lexackson_kobold_supper

Action                   || total
-------------------------++-------
Melee: Short sword       ||     5
 Cast: Pain              ||     3
 Stab: Sleeping          ||     2
Dodge: Dodged            ||     1

Table legend: (Time is in decaauts)
 A = Elapsed time spent in this place.
 B = Non-inter-level travel time spent in this place.
 C = Inter-level travel time spent in this place.
 D = Time resting spent in this place.
 E = Time spent auto-exploring this place.
 F = Levels seen in this place.
 G = Mean time per level.
                   A        B        C        D        E       F      G
               +--------+--------+--------+--------+--------+-----+--------+
         Total |    166 |    166 |      0 |      0 |    132 |   1 |  166.0 |
       Dungeon |    166 |    166 |      0 |      0 |    132 |   1 |  166.0 |
               +--------+--------+--------+--------+--------+-----+--------+

Top non-repeatable levels by time:
     D:1: 166 daAuts
